Map: Crimson Court LE

Players

Harstem

  • Race: Protoss Protoss
  • League: Master
  • Spawn Location: 1:00

DieMauer (ShoWTimE) - Winner!

  • Race: Protoss Protoss
  • League: Grandmaster
  • Spawn Location: 7:00

Event: Bellum Gens Elite Stara Zagora 2024

VOD

Have the link to the VOD?

Description

Time

  • Played on: Sept. 5, 2024, 9:18 a.m.
  • Length: 12:18

All games in this series

Show
View Real Time Build Order
Export as new Build Order

Harstem Protoss 

Build Orders: Phoenix Opening, Zealot Archon 

Get SALT Encoding   

  12  0:00  Probe  
  13  0:12  Probe  
  14  0:17  Pylon  
  14  0:24  Probe (Chrono Boost)  
  15  0:36  Gateway, Probe (Chrono Boost)  
  16  0:44  Probe (Chrono Boost)  
  16  0:47  Assimilator  
  17  0:51  Probe  
  17  0:53  Assimilator  
  18  1:03  Probe (Chrono Boost)  
  19  1:06  Gateway  
  20  1:12  Probe (Chrono Boost)  
  20  1:17  Probe (Chrono Boost)  
  20  1:23  Cybernetics Core  
  21  1:29  Probe  
  22  1:33  Pylon  
  22  1:41  Probe  
  23  1:53  Probe  
  24  1:57  Warp Gate (Chrono Boost)  
  24  2:00  Stalker  
  26  2:05  Probe  
  26  2:06  Sentry  
  29  2:13  Pylon  
  29  2:17  Probe  
  30  2:28  Pylon  
  30  2:31  Sentry  
  30  2:36  Phoenix  
  32  2:39  Probe  
  32  2:41  Nexus  
  32  2:43  Sentry  
  35  2:51  Probe  
  36  2:54  Stalker  
  38  2:59  Pylon  
  38  3:04  Probe  
  39  3:11  Robotics Facility  
  39  3:17  Probe  
  40  3:30  Probe  
  41  3:39  Sentry  
  41  3:40  Stalker  
  45  3:42  Probe  
  45  3:47  Pylon  
  46  3:48  Phoenix  
  46  3:53  Probe  
  46  3:54  Probe  
  48  3:57  Warp Prism (Chrono Boost)  
  50  4:05  Probe  
  50  4:06  Probe  
  52  4:12  Adept  
  52  4:15  Adept  
  56  4:17  Probe  
  56  4:18  Probe  
  56  4:22  Pylon  
  58  4:25  Immortal (Chrono Boost)  
  58  4:30  Probe  
  63  4:32  Pylon  
  63  4:37  Sentry  
  65  4:39  Stalker  
  65  4:40  Probe  
  65  4:45  Assimilator  
  68  4:57  Immortal (Chrono Boost)  
  70  5:02  Adept  
  66  5:16  Probe  
  66  5:17  Stalker, Probe  
  66  5:20  Assimilator  
  70  5:27  Pylon  
  70  5:28  Twilight Council  
  70  5:30  Warp Prism (Chrono Boost)  
  70  5:32  Zealot, Probe  
  70  5:35  Probe  
  76  5:39  Pylon  
  76  5:43  Zealot  
  76  5:44  Probe  
  76  5:48  Phoenix  
  80  5:50  Gateway  
  80  5:52  Gateway  
  79  5:58  Pylon  
  79  6:00  Charge (Chrono Boost)  
  79  6:08  Gateway, Templar Archives  
  79  6:17  Gateway  
  79  6:18  Gateway  
  76  6:28  Probe  
  76  6:29  Probe  
  76  6:35  Pylon  
  76  6:38  Gateway  
  76  6:40  Probe  
  76  6:45  Phoenix  
  77  6:50  Probe  
  78  6:55  High Templar x2  
  78  7:00  Archon, Pylon  
  78  7:01  High Templar x2  
  86  7:05  Probe  
  86  7:06  Archon  
  86  7:07  Zealot  
  86  7:08  Probe  
  90  7:12  Zealot  
  90  7:13  Shield Battery  
  90  7:15  Shield Battery  
  92  7:20  Zealot  
  92  7:21  Probe  
  95  7:28  Zealot, High Templar x2  
  101  7:32  Zealot  
  101  7:33  Archon  
  101  7:35  Zealot x3  
  109  7:44  Pylon  
  109  7:45  Zealot  
  111  7:59  High Templar x2  
  111  8:00  Zealot x4  
  111  8:01  Pylon  
  111  8:03  Archon  
  112  8:10  Shield Battery x2  
  112  8:12  Probe  
  104  8:14  Zealot x2  
  77  9:10  Phoenix  
  77  9:16  Nexus  
  73  10:42  Pylon  
  73  11:06  Gateway  
  73  11:18  Unknown  
  73  11:21  Pylon  
  73  11:23  Pylon  
  73  11:30  Pylon  
  55  12:01  Zealot  
Show
View Real Time Build Order
Export as new Build Order

DieMauer Protoss - Winner!

Build Orders: Phoenix Opening 

Get SALT Encoding   

  12  0:00  Probe  
  13  0:12  Probe  
  14  0:17  Pylon  
  14  0:24  Probe (Chrono Boost)  
  15  0:35  Gateway  
  15  0:36  Probe (Chrono Boost)  
  16  0:44  Probe (Chrono Boost)  
  16  0:45  Assimilator  
  17  0:50  Probe  
  18  1:03  Probe (Chrono Boost)  
  18  1:04  Assimilator  
  19  1:08  Gateway  
  19  1:13  Probe (Chrono Boost)  
  19  1:18  Probe (Chrono Boost)  
  20  1:23  Cybernetics Core  
  21  1:29  Probe  
  22  1:34  Pylon  
  22  1:41  Probe  
  23  1:53  Probe  
  24  1:59  Stalker, Warp Gate  
  26  2:05  Probe  
  26  2:06  Sentry  
  29  2:10  Pylon  
  29  2:20  Pylon  
  29  2:25  Probe  
  29  2:29  Sentry  
  32  2:37  Probe, Phoenix  
  32  2:39  Sentry  
  35  2:45  Nexus  
  35  2:49  Probe  
  36  2:58  Robotics Facility  
  36  3:01  Probe  
  37  3:05  Pylon  
  37  3:13  Stalker  
  39  3:23  Stalker, Probe  
  42  3:35  Probe  
  42  3:41  Phoenix  
  43  3:42  Immortal (Chrono Boost)  
  47  3:57  Probe x2  
  49  4:03  Stalker x2  
  53  4:10  Warp Prism (Chrono Boost)  
  53  4:13  Probe  
  56  4:18  Pylon  
  56  4:25  Probe x2  
  56  4:27  Sentry  
  56  4:28  Stalker  
  62  4:37  Probe x2  
  64  4:39  Pylon  
  64  4:44  Observer  
  65  4:46  Pylon  
  65  4:54  Probe  
  65  4:58  Adept x2  
  56  5:15  Immortal (Chrono Boost)  
  56  5:17  Probe  
  56  5:21  Shield Battery  
  59  5:24  Assimilator  
  59  5:25  Gateway x2  
  59  5:26  Twilight Council  
  59  5:31  Adept  
  59  5:34  Adept  
  63  5:37  Gateway  
  63  5:46  Probe  
  64  5:52  Gateway  
  64  5:54  Immortal (Chrono Boost)  
  64  5:57  Gateway, Resonating Glaives (Chrono Boost)  
  68  6:08  Gateway  
  68  6:09  Gateway  
  68  6:31  Adept x3  
  68  6:32  Adept  
  74  6:35  Probe  
  75  6:41  Pylon, Immortal (Chrono Boost)  
  79  6:49  Nexus  
  79  7:04  Adept x2  
  79  7:05  Adept x3  
  89  7:10  Sentry, Adept  
  93  7:17  Pylon  
  93  7:18  Pylon  
  93  7:27  Pylon  
  95  7:43  Adept x5  
  103  7:46  Adept  
  103  7:49  Adept  
  107  8:00  Adept  
  109  8:05  Adept x3  
  109  8:06  Adept  
  115  8:12  Adept  
  114  8:22  Nexus  
  103  8:28  Shield Battery  
  86  8:52  Pylon  
  84  9:44  Pylon  
  84  9:46  Pylon  
  84  10:10  Pylon  
  84  10:12  Pylon  
  78  11:07  Pylon  
  78  11:09  Pylon  
  78  11:14  Observer  
  78  11:27  Pylon  
  78  11:28  Pylon  
Tags
 
Add a new tag
Caveats
  • Supply blocks, unpowered buildings, or Contaminate may cause inaccurate times.
  • Supply counts are checked every 10 seconds.